 Dungeon Crawl Stone Soup version 0.28-a0-1493-g08698888e4 (webtiles) character file.

Game seed: 16630024343416764924

68 knot the Chopper (level 4, 35/35 HPs)
             Began as a Demonspawn Berserker on Jan 13, 2022.
             Was a Believer of Trog.
             Quit the game on level 2 of the Dungeon.
             The game lasted 00:01:23 (1173 turns).

knot the Chopper (Demonspawn Berserker)             Turns: 1173, Time: 00:01:23

Health: 35/35      AC:  9    Str: 17    XL:     4   Next: 1%
Magic:  4/4        EV: 11    Int: 11    God:    Trog [**....]
Gold:   56         SH:  0    Dex: 12    Spells: 3/3 levels left

rFire   . . .      SeeInvis .   a - +0 hand axe
rCold   . . .      Faith    .   (no shield)
rNeg    . . .      Spirit   .   f - +0 ring mail
rPois   +          Reflect  .   (no helmet)
rElec   .          Harm     .   (no cloak)
rCorr   .          Rampage  .   (no gloves)
Will    .....                   (no boots)
Stlth   +.........              (no amulet)
HPRegen 3.11/turn               b - +4 ring of protection
MPRegen 0.09/turn               i - ring of poison resistance

@: no status effects
A: powered by death 1, demonic magic 1, demonic touch 1
a: Renounce Religion, Berserk, Trog's Hand


You were on level 2 of the Dungeon.
You worshipped Trog.
Trog was pleased with you.
You visited 1 branch of the dungeon, and saw 2 of its levels.

You collected 56 gold pieces.

Inventory:

Hand Weapons
 a - a +0 hand axe (weapon)
Missiles
 d - 13 stones (quivered)
Armour
 f - a +0 ring mail (worn)
Jewellery
 b - a +4 ring of protection (left hand)
 i - a ring of poison resistance (right hand)
Scrolls
 c - a scroll of magic mapping {unknown}
 g - 2 scrolls of identify {unknown}
 h - a scroll of fear {unknown}
Potions
 e - a potion of invisibility {unknown}


   Skills:
 - Level 3.0 Fighting
 * Level 4.2 Axes
 * Level 1.1 Throwing
 - Level 1.7 Armour
 - Level 1.7 Dodging


You had 3 spell levels left.
You didn't know any spells.
Your spell library contained the following spells:

 Spells                   Type           Power      Damage    Failure   Level
 Confusing Touch          Hex            0%         N/A       88%         3
 Yara's Violent Unravell  Hex/Tmut       0%         3d3       100%        5
 Enfeeble                 Hex            0%         N/A       100%        7


Dungeon Overview and Level Annotations

Branches:
Dungeon (2/15)

Altars:


Innate Abilities, Weirdness & Mutations

You regenerate a little health from kills.
Spells you cast may paralyse adjacent enemies.
Your touch may inflict minor irresistible damage on your foes.


Message History

A frilled lizard comes into view.
A frilled lizard comes into view.
The frilled lizard hisses angrily.
The kobold closely misses you.
You completely miss the kobold.
You touch the kobold.
You kill the kobold!
Trog accepts your kill.
A bat comes into view.
A goblin comes into view. It is wielding a +0 club.
A goblin comes into view. It is wielding a +0 dagger.
Found 6 gold pieces.
The goblin shouts! x2
You closely miss the bat. Your touch misses the bat.
The bat hits you but does no damage.
You slash the bat!
You kill the bat!
Trog accepts your kill.
You barely miss the frilled lizard.
The frilled lizard barely misses you. x2
You closely miss the frilled lizard. You hit the frilled lizard.
You kill the frilled lizard!
Trog accepts your kill. The frilled lizard closely misses you.
The frilled lizard bites you but does no damage.
You hit the frilled lizard.
The frilled lizard is heavily wounded.
You closely miss the goblin. The frilled lizard barely misses you.
The goblin hits you but does no damage.
You slash the frilled lizard!
You kill the frilled lizard!
Trog accepts your kill.
You hit the goblin. You barely miss the goblin.
The goblin hits you but does no damage. The goblin barely misses you.
You slash the goblin!
You kill the goblin!
Trog accepts your kill.
You closely miss the goblin. The goblin hits you but does no damage.
You have reached level 4!
You feel clever.
Your demonic ancestry asserts itself...
A menacing aura infuses your magic.
Are you sure you want to abandon this character and quit the game? (Confirm with "yes".)

........$...... ...............
............... ....$...........
................ ##......
...$.........# #.......
###....†)g....# #....... .
........@)....####....... #
#........<............... #
###.........### #....... #
#.........# ##...... #
#.........# #.....<. # ###
#.........# #.......
######.#########)....# #.......
.##.###....#..P.###..#####..).†..
.###.......#P......#.#...........


You could see a goblin.

Vanquished Creatures
  3 gnolls (D:2)
  2 dart slugs (D:1)
  3 ball pythons
  2 endoplasms (D:1)
  3 giant cockroaches
  5 goblins
  3 hobgoblins (D:1)
  3 quokkas (D:1)
  4 bats
  3 frilled lizards (D:2)
  2 kobolds
  A rat (D:1)
34 creatures vanquished.

Vanquished Creatures (others)
  A demonic plant (D:2)
  4 fungi (D:2)
  4 plants (D:2)
9 creatures vanquished.

Grand Total: 43 creatures vanquished

Notes
Turn   | Place    | Note
-------+----------+-------------------------------------------
     0 | D:1      | knot the Demonspawn Berserker began the quest for the Orb.
     0 | D:1      | Reached XP level 1. HP: 18/18 MP: 1/1
   195 | D:1      | Reached skill level 3 in Axes
   335 | D:1      | Gained mutation: Your touch may inflict minor irresistible
                  | damage on your foes. [demonic ancestry]
   335 | D:1      | Reached XP level 2. HP: 24/24 MP: 2/2
   879 | D:1      | Gained mutation: You regenerate a little health from kills.
                  | [demonic ancestry]
   879 | D:1      | Reached XP level 3. HP: 29/29 MP: 3/3
  1055 | D:2      | Found a faded altar of an unknown god.
  1094 | D:2      | Reached ** piety under Trog
  1095 | D:2      | Reached skill level 4 in Axes
  1110 | D:2      | Reached skill level 1 in Throwing
  1173 | D:2      | Gained mutation: Spells you cast may paralyse adjacent
                  | enemies. [demonic ancestry]
  1173 | D:2      | Reached XP level 4. HP: 35/35 MP: 4/4
  1173 | D:2      | Quit the game

Illustrated notes

Levels and vault maps discovered:
D:1:      minmay_arrival_four_circles, layout_loops_ring
D:2:      layout_rooms, shapermc_ecumenical_altar_gd, uniq_jessica, uniq_terence

Skill      XL: |  1  2  3 |
---------------+----------+-----
Axes           | 3 4 |  4.2
Throwing       | 1 |  1.1
Fighting       | |  3.0
Armour         | |  1.7
Dodging        | |  1.7

Action                   |  1- 3 |  4- 6 || total
-------------------------+-------+-------++-------
Melee: Hand axe          |    81 |       ||    81
       Touch             |     9 |       ||     9
       Punch             |     1 |       ||     1
Throw: Stone             |     1 |       ||     1
Armor: Ring mail         |    28 |       ||    28
Dodge: Dodged            |    46 |       ||    46

Table legend: (Time is in decaauts)
 A = Elapsed time spent in this place.
 B = Non-inter-level travel time spent in this place.
 C = Inter-level travel time spent in this place.
 D = Time resting spent in this place.
 E = Time spent auto-exploring this place.
 F = Levels seen in this place.
 G = Mean time per level.
                   A        B        C        D        E       F      G
               +--------+--------+--------+--------+--------+-----+--------+
         Total |   1181 |   1152 |     29 |      0 |    941 |   2 |  590.5 |
       Dungeon |   1181 |   1152 |     29 |      0 |    941 |   2 |  590.5 |
               +--------+--------+--------+--------+--------+-----+--------+

Top non-repeatable levels by time:
     D:1: 1041 daAuts
     D:2: 140 daAuts
